Map: 莱瑞拉克之冠

Players

Quail - Winner!

  • Race: Protoss Protoss
  • League: Gold

有毒男与死神共舞

  • Race: Terran Terran
  • League: Platinum

VOD

Have the link to the VOD?

Description

Time

  • Played on: Nov. 30, 2015, 11:09 p.m.
  • Length: 11:31
Show
View Real Time Build Order
Export as new Build Order

Quail Protoss - Winner!

Build Orders: 1 Gate Expand 

Get SALT Encoding   

  12  0:01  Probe (Chrono Boost)  
  13  0:12  Probe (Chrono Boost)  
  14  0:18  Pylon  
  14  0:23  Probe (Chrono Boost)  
  15  0:36  Probe (Chrono Boost)  
  15  0:38  Gateway  
  16  0:47  Probe (Chrono Boost)  
  17  0:51  Assimilator  
  17  0:57  Probe (Chrono Boost)  
  18  1:18  Nexus  
  18  1:28  Cybernetics Core  
  18  1:33  Probe (Chrono Boost)  
  18  1:39  Zealot  
  21  1:50  Pylon  
  21  1:52  Probe (Chrono Boost)  
  22  2:03  Probe (Chrono Boost)  
  23  2:10  Adept  
  23  2:14  Mothership Core (Chrono Boost)  
  27  2:20  Assimilator  
  27  2:22  Warp Gate  
  27  2:32  Probe x2 (Chrono Boost)  
  29  2:37  Adept  
  31  2:46  Probe (Chrono Boost), Pylon  
  32  2:55  Gateway  
  32  3:11  Robotics Facility  
  33  3:12  Probe (Chrono Boost)  
  33  3:27  Gateway  
  33  3:29  Gateway  
  33  3:37  Probe x2 (Chrono Boost)  
  35  3:42  Stalker  
  35  3:46  Sentry  
  39  3:56  Probe x2 (Chrono Boost)  
  39  4:00  Observer  
  41  4:13  Pylon  
  41  4:16  Adept x2  
  45  4:19  Pylon  
  45  4:33  Immortal (Chrono Boost)  
  49  4:40  Stalker  
  51  4:53  Stalker  
  53  5:04  Stalker x2, Pylon  
  57  5:18  Immortal (Chrono Boost)  
  61  5:29  Stalker  
  61  5:33  Pylon  
  55  5:54  Stalker x3  
  43  6:07  Stalker  
  33  6:19  Adept x2  
  33  6:20  Adept  
  39  6:30  Warp Prism  
  39  6:32  Adept  
  43  6:39  Adept  
  45  6:41  Adept  
  38  7:05  Adept x4  
  44  7:20  Immortal (Chrono Boost)  
  46  7:32  Stalker  
  48  7:44  Adept  
  48  7:45  Adept  
  50  8:06  Adept x3  
  56  8:19  Stalker  
  58  8:28  Pylon  
  56  8:34  Stalker  
  58  8:49  Stalker  
  58  8:59  Stalker  
  60  9:17  Pylon  
  60  9:37  Stalker  
  62  9:56  Pylon  
  54  10:15  Stalker  
  54  10:16  Stalker  
  46  10:54  Stalker x2  
  48  11:01  Observer (Chrono Boost)  
  49  11:21  Nexus  
  49  11:27  Adept  
Show
View Real Time Build Order
Export as new Build Order

有毒男与死神共舞 Terran 

Build Orders: Liberator Opening 

Get SALT Encoding   

  12  0:01  SCV  
  13  0:13  SCV  
  14  0:23  Supply Depot  
  14  0:25  SCV  
  15  0:33  Refinery  
  15  0:45  Barracks  
  15  0:49  SCV  
  16  1:01  SCV  
  17  1:05  Refinery  
  17  1:13  SCV  
  18  1:25  SCV  
  19  1:37  Supply Depot, SCV  
  20  1:43  Barracks Reactor  
  20  1:48  Factory  
  20  1:55  Orbital Command  
  20  2:19  Marine x2  
  21  2:23  SCV  
  22  2:32  Factory Tech Lab  
  22  2:36  Starport  
  22  2:39  Marine  
  22  2:40  Marine  
  22  2:41  SCV  
  25  2:48  Supply Depot  
  25  2:54  Siege Tank  
  25  2:58  SCV  
  29  3:01  Marine  
  29  3:02  Liberator  
  29  3:04  Marine  
  31  3:12  Supply Depot  
  34  3:23  Marine  
  34  3:26  Marine  
  36  3:30  SCV  
  37  3:36  Siege Tank  
  37  3:41  Marine  
  41  3:44  Marine  
  42  3:58  Marine  
  42  4:02  Medivac  
  45  4:04  Marine  
  45  4:09  SCV  
  47  4:13  Supply Depot  
  47  4:35  Siege Tank  
  50  4:41  Medivac  
  50  4:42  Marine x2  
  54  4:50  SCV  
  55  4:54  Supply Depot  
  55  4:58  Barracks  
  55  5:15  SCV, Medivac, Marine x2  
  55  5:18  Supply Depot  
  60  5:37  SCV, Widow Mine  
  60  5:39  Marine x2  
  60  5:40  Engineering Bay  
  60  5:42  Supply Depot  
  65  5:46  Barracks Tech Lab  
  53  6:09  Marine x3  
  53  6:10  Siege Tank  
  57  6:17  Liberator  
  56  6:22  SCV  
  56  6:24  Concussive Shells  
  57  6:26  Terran Infantry Weapons Level 1  
  57  6:27  Marauder  
  57  6:28  Supply Depot  
  57  6:32  Marine x2  
  64  6:48  Siege Tank  
  64  6:52  Marauder  
  62  7:05  Liberator  
  62  7:21  Marauder  
  67  7:23  Marine x2  
  67  7:25  SCV  
  67  7:29  Missile Turret  
  70  7:33  Supply Depot  
  70  7:35  Combat Shields  
  70  7:38  Widow Mine  
  70  7:40  Marine  
  70  7:41  Marine  
  53  9:37  Orbital Command  
  24  10:33  SCV  
  15  10:45  SCV  
  15  10:48  Widow Mine  
  10  11:06  SCV  
  10  11:08  Refinery  
  11  11:18  SCV  
Tags
 
Add a new tag
Caveats
  • Supply blocks, unpowered buildings, or Contaminate may cause inaccurate times.
  • Supply counts are checked every 10 seconds.